 Dungeon Crawl Stone Soup version 0.13.0-29-gdb529de (webtiles) character file.

306 Imon the Covered (level 5, -3/46 HPs)
             Began as a Minotaur Fighter on Nov 14, 2013.
             Slain by Sigmund
             ... wielding a +0,+0 scythe
              (13 damage)
             ... on Level 3 of the Dungeon.
             The game lasted 00:20:38 (1840 turns).

Imon the Covered (Minotaur Fighter)                 Turns: 1840, Time: 00:20:38

HP  -3/46        AC  7     Str 21      XL: 5   Next:  5%
MP   1/1         EV  7     Int  5      God:
Gold 162         SH 19     Dex 10      Spells:  0 memorised,  4 levels left

Res.Fire  : . . .   See Invis. : .   t - +2,+0 orc war axe (elec)
Res.Cold  : . . .   Warding    : .   b - +0 scale mail
Life Prot.: . . .   Conserve   : .   c - +0 shield
Res.Poison: +       Res.Corr.  : .   (helmet restricted)
Res.Elec. : .       Clarity    : .   (no cloak)
Sust.Abil.: . .     Spirit.Shd : .   (no gloves)
Res.Mut.  : .       Stasis     : .   (no boots)
Res.Rott. : .       Flight     : .   (no amulet)
Saprovore : . . .                    (no ring)
                                     s - ring of poison resistance

@: slightly resistant to hostile enchantments, extremely unstealthy
A: retaliatory headbutt, horns 2
a: no special abilities


You were on level 3 of the Dungeon.
You were not hungry.

You visited 1 branch of the dungeon, and saw 3 of its levels.

You collected 142 gold pieces.

Inventory:

Hand weapons
 a - a +1,+0 short sword
 e - a +0,+0 club (quivered)
 f - a -1,+1 orcish club
 g - a +0,+0 dwarven short sword
 n - a -1,+0 orcish war axe
 t - a +2,+0 orcish war axe of electrocution (weapon)
Armour
 b - a +0 scale mail (worn)
 c - a +0 shield (worn)
Comestibles
 d - a bread ration
 h - a meat ration
 k - a pear
 m - a choko
Scrolls
 l - 3 scrolls of identify
 r - 2 scrolls of teleportation
 u - a scroll of fear
Jewellery
 s - a ring of poison resistance (left hand)
Potions
 j - a potion of resistance {unknown}
 o - a potion of berserk rage {unknown}
 p - a potion of agility {unknown}
 q - a potion of brilliance
 v - a potion of degeneration {unknown}
Magical staves
 w - an uncursed staff of wizardry {unknown}


   Skills:
 + Level 4.4 Fighting
 + Level 2.6 Short Blades
 + Level 4.7 Armour
 + Level 1.5 Dodging
 + Level 0.3 Stealth
 + Level 4.7 Shields


You had 4 spell levels left.
You didn't know any spells.

Dungeon Overview and Level Annotations

Branches:
Dungeon (3/27)

Altars:

Annotations:
D:3 Sigmund


Innate Abilities, Weirdness & Mutations

You reflexively headbutt those who attack you in melee.
You have a pair of horns on your head.


Message History

You see here a long jewelled staff.
w - a long jewelled staff The puff of flame hits you!
The magic dart hits you! It hits you but does no damage.
You hit it.
There is a sudden explosion of sparks!
You headbutt it!
You hear some strange, mumbled words.
The puff of flame hits you! It hits you!
* * * LOW HITPOINT WARNING * * *
You hear some strange, mumbled words.
The puff of flame hits you!
* * * LOW HITPOINT WARNING * * *
Drink which item? (? for menu, Esc to quit)
You feel refreshed.
It was a potion of restore abilities.
Sigmund appears from thin air!
Reactivating autopickup.
Sigmund barely misses you. Sigmund hits you with a scythe!
You die...

#.#.##.#.... [#
####.#?......# ####.####
#.......#.##.####.......#
#..............##.......#
#.......##.....##)......#
#..............##.......#
#.)..%.........##.......#
#..............##.......#
#.........####@@........#
##....##..#######.......#
#.#####........###.#####
#.###..........# #.#
#..............# #.#
#.###.##...)...# #.#
#.###.##.......###.#
#..................#
#####(##.......#####


You could see Sigmund.

Vanquished Creatures
  An orc priest (D:3)
  5 adders
  A worm (D:2)
  9 orcs (D:3)
  5 bats
  3 goblins
  8 hobgoblins
  A jackal (D:1)
  2 kobolds
  3 ball pythons
  2 giant newts
  2 quokkas (D:2)
  6 rats
48 creatures vanquished.

Notes
Turn   | Place    | Note
--------------------------------------------------------------
     0 | D:1      | Imon, the Minotaur Fighter, began the quest for the Orb.
     0 | D:1      | Reached XP level 1. HP: 19/19 MP: 0/0
   153 | D:1      | Reached XP level 2. HP: 21/26 MP: 0/0
   224 | D:1      | Reached skill level 4 in Fighting
   662 | D:2      | Reached XP level 3. HP: 26/33 MP: 1/1
   847 | D:2      | Reached skill level 1 in Dodging
   912 | D:2      | Reached XP level 4. HP: 26/40 MP: 1/1
  1432 | D:3      | Reached XP level 5. HP: 21/46 MP: 1/1
  1818 | D:3      | Noticed Sigmund
  1840 | D:3      | Slain by Sigmund

Action                   |  1- 3 |  4- 6 || total
-------------------------+-------+-------++-------
Melee: Short sword       |   114 |    27 ||   141
       War axe           |       |    24 ||    24
  Use: Scroll            |    11 |     3 ||    14
       Potion            |       |     2 ||     2
